 Dungeon Crawl Stone Soup version 0.31-a0-716-gc7603755dd (webtiles) character file.

Game seed: 8856812285139516456

134757 Shayle the Warrior (level 17, -9/201 HPs)
             Began as an Ogre Shapeshifter on Sept 9, 2023.
             Was a High Priest of Kikubaaqudgha.
             Mangled by a six-headed hydra (13 damage)
             ... on level 4 of the Swamp on Sept 10, 2023.
             The game lasted 03:20:06 (39267 turns).

Shayle the Warrior (Ogre Shapeshifter)             Turns: 39267, Time: 03:20:06

Health: -9/201     AC: 11    Str: 22    XL:     17   Next: 17%
Magic:  5/39       EV:  9    Int: 17    God:    Kikubaaqudgha [*****.]
Gold:   2864       SH:  0    Dex:  8    Spells: 6/34 levels left

rFire   . . .        g - +8 quarterstaff (spect)
rCold   + + +        (shield currently unavailable)
rNeg    . . .        w - +4 skin of Zhor {*Englaciate rC+++ SInv}
rPois   .            (helmet currently unavailable)
rElec   +            (cloak currently unavailable)
rCorr   .            (gloves unavailable)
SInv    +            (boots unavailable)
Will    +....        O - amulet of the Air {Inacc Air Fly rElec RMsl}
Stlth   +            K - +4 ring of protection
HPRegen 0.53/turn    R - ring of Nemelex Xobeh's Pride {MP+9 SInv}
MPRegen 0.26/turn

%: inaccuracy (-5), repel missiles
@: beast-form, animating dead, flying
A: beast (slay +4), large, unfitting armour, tough skin 1
a: Begin Untransformation, Renounce Religion, Unearth Wretches, Torment


You were on level 4 of the Swamp.
You worshipped Kikubaaqudgha.
Kikubaaqudgha was extremely pleased with you.
You were a hulking beast.
You visited 5 branches of the dungeon, and saw 26 of its levels.
You also visited: Gauntlet, Ice Cave and Volcano.

You collected 3373 gold pieces.
You spent 509 gold pieces at shops.

Inventory:

Hand Weapons
 g - a +8 spectral quarterstaff (weapon)
Missiles
 n - a throwing net
 H - a curare-tipped dart
Armour
 w - the +4 skin of Zhor (worn) {*Englaciate rC+++ SInv}
   (You acquired it on level 5 of the Dungeon)

   *Englaciate: It radiates cold, occasionally slowing all nearby creatures who
   are not resistant to cold.
   rC+++:     It renders you almost immune to cold.
   SInv:      It lets you see invisible.
 B - a +2 robe of resistance
 Z - the +0 hat "Segiofask" {+Blink rN+ Dex+3}
   (You found it in a volcano)

   Dex+3:     It affects your dexterity (+3).
   rN+:       It protects you from negative energy.
   +Blink:    It lets you blink.
Jewellery
 h - the ring of the Equinox {Wiz rPois}
   (You found it in a Gauntlet)

   [ring of wizardry]

   Wiz:       It improves your spell success rate.
   rPois:     It protects you from poison
 p - a ring of resist corrosion
 z - the amulet "Defamunk" {rPois rC++ Regen+}
   (You found it on level 1 of the Swamp)

   [amulet of regeneration]

   rC++:      It greatly protects you from cold.
   rPois:     It protects you from poison Regen+: It increases your rate of
   health regeneration.
 D - a +6 ring of dexterity
 K - a +4 ring of protection (left hand)
 M - a ring of positive energy
 O - the amulet of the Air (around neck) {Inacc Air Fly rElec RMsl}
   (You found it in an ice cave)

   [amulet of nothing]

   Inacc:     It reduces the accuracy of your attacks and spells.
   Air:       It enhances your air magic.
   rElec:     It insulates you from electricity.
   Fly:       It grants you flight.
   RMsl:      It protects you from missiles.
 R - the ring of Nemelex Xobeh's Pride (right hand) {MP+9 SInv}
   (You found it in an ice cave)

   [ring of magical power]

   MP+9:      It affects your magic capacity (+9).
   SInv:      It lets you see invisible.
Talismans
 c - a beast talisman (active)
 d - a flux talisman
Wands
 a - a wand of digging (27)
 x - a wand of polymorph (4)
 F - a wand of roots (10)
 I - a wand of flame (95)
 L - a wand of light (1)
 U - a wand of mindburst (6)
 Y - a wand of paralysis (17)
Scrolls
 j - a scroll of fear
 k - a scroll of revelation
 l - 9 scrolls of teleportation
 o - 2 scrolls of enchant weapon
 r - a scroll of poison
 u - 2 scrolls of identify
 v - a scroll of vulnerability
 y - 2 scrolls of immolation
 C - 3 scrolls of fog
 E - a scroll of summoning
 V - 2 scrolls of torment
 W - a scroll of silence
Potions
 b - 4 potions of lignification
 e - 7 potions of ambrosia
 f - 8 potions of heal wounds
 i - 12 potions of curing
 m - 2 potions of might
 q - a potion of attraction
 t - 4 potions of enlightenment
 A - a potion of berserk rage
 G - a potion of brilliance
 J - 4 potions of invisibility
 N - a potion of mutation
 T - 2 potions of magic
 X - 8 potions of haste


   Skills:
 + Level 20.1 Fighting
 - Level 1.7 Dodging
 - Level 2.6 Unarmed Combat
 - Level 9.0 Spellcasting
 + Level 8.8 Hexes
 + Level 13.3 Necromancy
 - Level 12.0 Air Magic
 + Level 11.4 Earth Magic
 - Level 10.0 Shapeshifting


You had 6 spell levels left.
You knew the following spells:

 Your Spells              Type           Power      Damage    Failure   Level
a - Animate Dead          Necr           52%        N/A       1%          4
b - Borgnjor's Vile Clut  Necr/Erth      24%        N/A       1%          5
c - Death Channel         Necr           26%        N/A       6%          6
d - Anguish               Hex/Necr       22%        N/A       1%          4
e - Mephitic Cloud        Conj/Pois/Air  31%        N/A       5%          3
f - Airstrike             Air            32%        2d(5-21)  1%          4
g - Sublimation of Blood  Necr           52%        N/A       1%          2

Your spell library contained the following spells:

 Spells                   Type           Power      Damage    Failure   Level
 Necrotise                Necr           100%       1d9       1%          1
 Jinxbite                 Hex            74%        N/A       1%          2
 Passwall                 Tmut/Erth      22%        N/A       1%          2
 Static Discharge         Conj/Air       84%        2-6/arc   1%          2
 Swiftness                Air            64%        N/A       1%          3
 Vampiric Draining        Necr           52%        2d9       1%          3
 Dispel Undead            Necr           52%        3d19      1%          4
 Ensorcelled Hibernation  Hex/Ice        44%        N/A       2%          2
 Lee's Rapid Deconstruct  Erth           23%        3d13*     2%          5
 Summon Lightning Spire   Summ/Air       42%        N/A       8%          4
 Animate Armour           Summ/Erth      54%        N/A       9%          4
 Apportation              Tloc           14%        N/A       10%         1
 Freeze                   Ice            28%        1d5       10%         1
 Magic Dart               Conj           28%        1d4       10%         1
 Summon Small Mammal      Summ           28%        N/A       10%         1
 Call Imp                 Summ           14%        N/A       14%         2
 Searing Ray              Conj           14%        2d5       14%         2
 Fulminant Prism          Conj/Hex       11%        3d8       16%         4
 Frozen Ramparts          Ice            14%        1d3       28%         3
 Gell's Gravitas          Tloc           7%         N/A       28%         3
 Hailstorm                Conj/Ice       7%         3d4       28%         3
 Teleport Other           Tloc           7%         N/A       28%         3
 Volatile Blastmotes      Fire/Tloc      14%        2d11      28%         3
 Iskenderun's Mystic Bla  Conj/Tloc      7%         2d4       67%         4
 Manifold Assault         Tloc           7%         N/A       67%         4
 Simulacrum               Ice/Necr       15%        N/A       67%         6
 Conjure Ball Lightning   Conj/Air       21%        3x3d6     77%         6
 Plasma Beam              Fire/Air       21%        2x1d33    77%         6
 Fireball                 Conj/Fire      3%         3d4       95%         5
 Iskenderun's Battlesphe  Conj           7%         2d6       95%         5
 Dispersal                Tloc           3%         N/A       100%        6
 Orb of Destruction       Conj           3%         9d5       100%        7
 Ozocubu's Refrigeration  Ice            3%         4d8       100%        7
 Polar Vortex             Ice            3%         N/A       100%        9


Dungeon Overview and Level Annotations

Branches:
Dungeon (14/15)            Temple (1/1) D:5            Lair (5/5) D:10
  Swamp (4/4) Lair:2       Spider (0/4) Lair:3        Slime (0/5) Lair:4
    Orc (2/2) D:12            Elf (0/3) Orc:2        Vaults (0/5) D:14
  IceCv (visited)         Volcano (visited)         Gauntlet (visited)

Altars:
Ashenzari
Cheibriados
Dithmenos
Elyvilon
Fedhas
Gozag
Hepliaklqana
Kikubaaqudgha
Makhleb
Nemelex Xobeh
Okawaru
Qazlal
Ru
Sif Muna
Trog
Uskayaw
Vehumet
Wu Jian
Xom
Yredelemnul
Zin
The Shining One
Jiyva

Shops:
D:1 :   D:7 [[(!   D:8 [(   D:9 [   Orc:2 [?*=

Annotations:
D:9 2 transporters, Wurlitzer's ghost, novice DEFE
Lair:5 1 runed translucent door, Joey1's ghost, journeyman OpSh


Innate Abilities, Weirdness & Mutations

You are a hulking beast.
Your limbs bulge with bestial killing power. (Slay +4)
You are too large for most types of armour.
You have tough skin. (AC +1)


Message History

You are engulfed in a cloud of scalding steam.
The six-headed hydra is no longer moving slowly.
The foxfire hits you! The foxfire hits you!!
Unknown command.
As you read the scroll of fear, it crumbles to dust.
You assume a fearsome visage.
The death drake skeleton is unaffected.
The seven-headed hydra looks frightened!
The six-headed hydra looks frightened!
The five-headed hydra looks frightened!
The six-headed hydra resists with almost no effort.
The will-o-the-wisp is unaffected.
The spriggan druid looks frightened!
You are engulfed in a cloud of scalding steam.
The five-headed hydra is no longer moving slowly.
The will-o-the-wisp gestures.
The will-o-the-wisp conjures some foxfire! 2 foxfires come into view.
Unknown command.
The foxfire hits you! x2
* * * LOW HITPOINT WARNING * * *
The will-o-the-wisp gestures.
The will-o-the-wisp conjures some foxfire! 2 foxfires come into view.
Unknown command.
Okay, then.
Okay, then.
As you read the scroll of fear, it crumbles to dust.
You assume a fearsome visage.
The foxfire is unaffected. x2
The death drake skeleton is unaffected.
The six-headed hydra resists with almost no effort.
The six-headed hydra looks frightened!
The will-o-the-wisp is unaffected.
You are engulfed in a cloud of scalding steam.
The foxfire hits you!!
* * * LOW HITPOINT WARNING * * *
The foxfire hits you!!
* * * LOW HITPOINT WARNING * * *
The will-o-the-wisp engulfs you.
* * * LOW HITPOINT WARNING * * *
The six-headed hydra is engulfed in a cloud of scalding steam.
The six-headed hydra bites you!
You die...
Kikubaaqudgha rasps: "You have failed me!
Welcome... death!"

~ .~~~ ...(♣ . .~
♣§.§♣♣♣♣♣♣♣♣♣.~ ~
♣~.~.....Z~D.. ~
♣.~.♣~~~~§~.^.~.~~~
♣.~~§§~~..~♣..~~~♣
♣♣♣♣♣♣~§v§~~..♣♣n...♣ ♣♣
♣.~~.♣~hD§~~~Di..D~♣ ♣♣.
♣.~~~..§§§~§..♣♣kD~♣♣♣~~
♣.~~~~~~~~~...D♣§~~~.~♣♣
♣♣.~~~..§~~~...i~♣ ~
♣<.~~~.§~~~§...♣~♣♣
♣~~~..♣♣♣....~♣♣§~♣
♣♣..♣♣♣ ♣~~♣~~♣♣≈♣♣
♣♣.~♣ ♣~.♣♣.♣♣♣≈≈≈♣ ♣♣♣♣
♣♣♣♣♣♣♣ ♣≈♣♣


You could see a seven-headed hydra (fleeing), 3 six-headed hydras, a spriggan
rider (reflecting), a spriggan druid, a will-o-the-wisp and a death drake
skeleton.

Vanquished Creatures
  A ghoul (Swamp:2)
  4 eleionomae
  Nessos (D:12)
  A minotaur (Gauntlet)
  A bunyip (Swamp:3)
  Erolcha (D:13)
  A vault guard (D:14)
  An ice dragon (IceCv)
  An ogre mage (D:12)
  A catoblepas (D:13)
  4 hydras
  6 alligators
  A ghost crab (Swamp:4)
  3 centaur warriors
  A dancing weapon (Volcano)
  6 two-headed ogres
  2 boulder beetles
  2 orc high priests (Orc:2)
  3 skysharks
  A sea snake (Lair:5)
  Lodul (D:9)
  9 skeletal warriors
  2 goliath frogs
  A spriggan rider (Swamp:3)
  2 spriggan druids
  4 swamp dragons
  8 bog bodies
  7 wizards
  6 orc knights
  5 orc sorcerers
  A cyclops (D:12)
  4 ugly things
  5 manticores
  A will-o-the-wisp (Swamp:4)
  An elephant (Lair:5)
  5 toenail golems (Volcano)
  5 black mambas
  2 ice statues (IceCv)
  A gargoyle (D:12)
  A minotaur zombie (Gauntlet)
  9 cane toads
  10 rime drakes
  9 komodo dragons
  Maggie (Lair:2)
  A tengu conjurer (D:13)
  5 trolls
  A bloated husk (Swamp:2)
  7 polar bears
  2 hornets
  A wind drake (Lair:5)
  5 tyrant leeches
  Grinder (D:3)
  7 blink frogs
  2 centaur simulacra (Gauntlet)
  A snapping turtle (Lair:5)
  A jumping spider (Lair:3)
  2 slime creatures (D:12)
  Sigmund (D:3)
  A wraith (D:11)
  4 shadows
  3 wyverns
  2 culicivoras (Lair:3)
  Eustachio (D:4)
  2 fire bats (Lair:4)
  35 yaks
  Grum (D:10)
  7 basilisks
  3 steam dragons
  7 vampire mosquitoes
  A redback (Lair:3)
  3 wargs
  3 swamp worms
  Edmund (D:3)
  9 water moccasins
  A cane toad zombie (Lair:5)
  2 acid dragons
  A swamp drake (Swamp:1)
  18 orc warriors
  4 ice beasts (D:10)
  2 black bears
  12 ogres
  11 wolves
  15 centaurs
  A phantom (D:4)
  A kobold brigand (D:7)
  7 bullfrogs
  5 necrophages
  A gnoll sergeant (D:12)
  A scorpion (D:6)
  14 wights
  18 killer bees
  A vampire bat (D:6)
  6 electric eels (D:7)
  A howler monkey (D:11)
  A crimson imp (D:8)
  5 komodo dragon simulacra (IceCv)
  A wyvern simulacrum (Gauntlet)
  A jelly (D:5)
  4 hounds (D:5)
  14 orc priests
  2 sleepcaps
  3 iguanas
  15 orc wizards
  Robin (D:4)
  6 gnolls
  12 adders
  5 acid dragon simulacra (IceCv)
  4 shadow imps
  5 white imps
  2 ufetubi
  11 steam dragon simulacra (IceCv)
  2 worms
  2 dart slugs
  72 orcs
  11 bats
  2 bat zombies (D:4)
  5 endoplasms
  3 giant cockroaches
  15 goblins
  7 hobgoblins
  3 jackals (D:3)
  3 kobolds
  A quokka (D:5)
  4 ball pythons
  2 frilled lizards
  4 hobgoblin zombies (D:3)
  A kobold skeleton (D:3)
  A kobold zombie (D:3)
  An orc skeleton (D:3)
  2 orc zombies
  4 rats
  A rat zombie (D:4)
  2 spectral weapons
624 creatures vanquished.

Vanquished Creatures (collateral kills)
  Saint Roka (Orc:2)
  A tentacled monstrosity (Swamp:2)
  3 ghouls (Swamp:2)
  An eleionoma (Swamp:3)
  3 hydras
  3 ghost crabs
  5 vault guards (D:14)
  4 alligators
  A merfolk avatar (Lair:5)
  3 death yaks (Lair:5)
  An orc high priest (Orc:2)
  A skyshark (Lair:3)
  3 goliath frogs
  A spriggan druid (Swamp:2)
  2 swamp dragons
  12 bog bodies
  An orc knight (Orc:2)
  A manticore (Lair:5)
  A will-o-the-wisp (Swamp:4)
  2 oklob plants (Lair:1)
  A cyclops (D:12)
  A black mamba (Lair:5)
  A torpor snail (Lair:5)
  A cane toad (Lair:3)
  A minotaur zombie (Gauntlet)
  4 rime drakes
  2 polar bears
  2 wind drakes (Lair:5)
  2 trolls
  6 tyrant leeches
  A blink frog (Lair:5)
  2 spriggans
  A wyvern (Lair:5)
  2 basilisks (Lair:3)
  6 yaks (Lair:5)
  5 vampire mosquitoes
  3 steam dragons (Lair:5)
  2 redbacks (Lair:3)
  5 swamp worms
  A warg (Orc:2)
  An acid dragon (D:13)
  A water moccasin (Lair:5)
  8 orc warriors
  6 swamp drakes
  4 ogres
  3 wolves (Lair:5)
  A centaur (D:13)
  3 necrophages
  9 killer bees (Lair:3)
  3 orc priests (Orc:2)
  3 orc wizards
  2 gnolls (D:12)
  12 orcs
155 creatures vanquished.

Vanquished Creatures (others)
  An eleionoma (Swamp:1)
  2 vault guards (D:14)
  A hydra (Swamp:3)
  An ogre mage (D:12)
  4 alligators
  A boulder beetle (D:12)
  A deep elf knight (Gauntlet)
  3 spriggans
  A spriggan rider (Swamp:3)
  5 alligator zombies
  An eleionoma zombie (Swamp:1)
  A manticore (D:12)
  2 goliath frog zombies
  A wolf spider (Gauntlet)
  A black mamba (Lair:1)
  A torpor snail (Gauntlet)
  4 swamp worm zombies
  A yaktaur (D:12)
  3 redback zombies
  2 rime drakes (IceCv)
  A bloated husk (Swamp:3)
  2 human zombies (D:14)
  A hydra zombie (Swamp:4)
  A queen bee (Lair:3)
  3 hornets
  2 tyrant leeches
  2 culicivora zombies (Lair:3)
  A blink frog (Lair:5)
  A boulder beetle zombie (D:12)
  2 black mamba zombies
  2 tyrant leech zombies (Swamp:3)
  A fire bat (Lair:4)
  A redback (Gauntlet)
  A warg (Orc:2)
  2 swamp worms (Swamp:1)
  A water moccasin (Lair:5)
  A ghost crab zombie (Swamp:4)
  An orc warrior (Orc:1)
  3 swamp dragon zombies
  An ice beast (IceCv)
  2 blink frog zombies (Lair:5)
  An ogre (Orc:2)
  A wolf (Lair:4)
  A manticore zombie (D:12)
  3 rime drake zombies
  A bullfrog (Lair:1)
  A cyclops zombie (D:12)
  A scorpion (D:12)
  A water moccasin zombie (Lair:5)
  A troll zombie (Orc:2)
  3 warg zombies (Orc:2)
  4 spriggan zombies
  A killer bee (Lair:3)
  4 wolf zombies
  3 centaur zombies (D:13)
  A basilisk zombie (Lair:5)
  5 ogre zombies
  2 swamp drake zombies
  An adder (D:12)
  An adder zombie (D:12)
  An orc (D:12)
  33 orc zombies
  A rat (D:12)
  A rat zombie (D:12)
  17 foxfires (Swamp:4)
  8 spectral weapons
166 creatures vanquished.

Grand Total: 945 creatures vanquished

Notes
Turn   | Place    | Note
-------+----------+-------------------------------------------
     0 | D:1      | Shayle the Ogre Shapeshifter began the quest for the Orb.
     0 | D:1      | Reached XP level 1. HP: 19/19 MP: 1/1
    26 | D:1      | Found a faded altar of an unknown god.
   116 | D:1      | Reached skill level 2 in Fighting
   218 | D:1      | Found Yfoduing's Vocational Training.
   238 | D:1      | Reached XP level 2. HP: 24/28 MP: 2/2
  1041 | D:2      | Reached XP level 3. HP: 29/36 MP: 3/3
  1041 | D:2      | Identified 2 scrolls of acquirement
  1041 | D:2      | Acquired a +5 spectral quarterstaff
  1042 | D:2      | Acquired a manual of Air Magic
  1116 | D:2      | Reached skill level 3 in Fighting
  1323 | D:2      | Reached XP level 4. HP: 46/46 MP: 4/4
  1431 | D:2      | Reached skill level 4 in Fighting
  1714 | D:3      | Found a glowing golden altar of the Shining One.
  1726 | D:3      | Reached skill level 1 in Air Magic
  1805 | D:3      | Reached XP level 5. HP: 54/54 MP: 5/5
  1921 | D:3      | Noticed Sigmund
  1927 | D:3      | Killed Sigmund
  1928 | D:3      | Reached skill level 5 in Fighting
  1928 | D:3      | Reached XP level 6. HP: 66/66 MP: 6/6
  2124 | D:3      | Found a shadowy altar of Dithmenos.
  2180 | D:3      | Found an iron altar of Okawaru.
  2258 | D:3      | Noticed Grinder
  2263 | D:3      | Killed Grinder
  2264 | D:3      | Reached skill level 6 in Fighting
  2264 | D:3      | Reached skill level 5 in Shapeshifting
  2264 | D:3      | Reached XP level 7. HP: 72/75 MP: 7/7
  2422 | D:4      | Noticed Edmund
  2422 | D:4      | Noticed Robin
  2501 | D:3      | Killed Edmund
  2621 | D:4      | Killed Robin
  2671 | D:4      | Found an ancient bone altar of Kikubaaqudgha.
  2783 | D:4      | Became a worshipper of Kikubaaqudgha
  2853 | D:4      | Found a bloodstained altar of Trog.
  2919 | D:4      | Noticed Eustachio
  2934 | D:4      | Killed Eustachio
  2935 | D:4      | Reached skill level 5 in Air Magic
  3103 | D:4      | Reached skill level 7 in Fighting
  3103 | D:4      | Reached XP level 8. HP: 76/87 MP: 8/8
  3375 | D:5      | Entered Level 5 of the Dungeon
  3490 | D:5      | Acquired the +4 skin of Zhor {*Englaciate rC+++ SInv}
  3490 | D:5      | Found the +4 skin of Zhor {*Englaciate rC+++ SInv}
  3601 | D:5      | Found a staircase to the Ecumenical Temple.
  3606 | Temple   | Entered the Ecumenical Temple
  3609 | D:5      | Identified the +4 leather armour "Roej" {Rampage rF- rC++
                  | Int-2 Dex+9}
  3648 | D:5      | Found a sparkling altar of Nemelex Xobeh.
  3649 | D:5      | Found a basalt altar of Yredelemnul.
  3881 | D:5      | Reached skill level 8 in Fighting
  3900 | D:5      | Reached * piety under Kikubaaqudgha
  3900 | D:5      | Received a gift from Kikubaaqudgha
  4389 | D:6      | Reached XP level 9. HP: 78/96 MP: 9/9
  4451 | D:6      | Reached skill level 9 in Fighting
  4621 | D:6      | Reached skill level 1 in Spellcasting
  4622 | D:6      | Reached skill level 1 in Necromancy
  5325 | D:7      | Found Inutiad's Weapon Boutique.
  5598 | D:7      | Found Gomydaq's Armour Emporium.
  5701 | D:7      | Reached ** piety under Kikubaaqudgha
  5705 | D:7      | Reached skill level 10 in Fighting
  5818 | D:7      | Noticed a troll
  5831 | D:7      | Killed a troll
  5832 | D:7      | Reached XP level 10. HP: 60/111 MP: 14/16
  6027 | D:7      | Noticed a green ugly thing
  6037 | D:7      | Killed a green ugly thing
  6203 | D:7      | Found Entoynet's Distillery.
  6206 | D:7      | Bought a potion of heal wounds for 70 gold pieces
  6206 | D:7      | Bought a potion of might for 56 gold pieces
  6206 | D:7      | Bought a potion of heal wounds for 70 gold pieces
  6206 | D:7      | Bought a potion of curing for 42 gold pieces
  6206 | D:7      | Bought a potion of heal wounds for 70 gold pieces
  6206 | D:7      | Bought a potion of curing for 42 gold pieces
  6476 | D:7      | Found Ychyumu's Armour Shoppe.
  6737 | D:8      | Found Wiatep's Antique Weapon Shop.
  6977 | D:7      | Reached skill level 5 in Spellcasting
  7463 | D:8      | Found Jifaguun's Antique Armour Emporium.
  7553 | D:8      | Found a hazy altar of Hepliaklqana.
  7598 | D:8      | Reached skill level 11 in Fighting
  8218 | D:9      | Reached *** piety under Kikubaaqudgha
  8218 | D:9      | Received a gift from Kikubaaqudgha
  8334 | D:9      | Learned a level 4 spell: Animate Dead
  8340 | D:9      | Learned a level 5 spell: Borgnjor's Vile Clutch
  8347 | D:9      | Learned a level 6 spell: Death Channel
  8459 | D:9      | Found a radiant altar of Vehumet.
  8491 | D:9      | Found a transporter.
  8494 | D:9      | Noticed Wurlitzer's ghost (novice DEFE)
  8550 | D:9      | Found a transporter.
  8741 | D:9      | Found a transporter.
  8743 | D:9      | Found Epoga's Armour Shop.
  8760 | D:9      | Found a transporter.
  8960 | D:10     | Entered Level 10 of the Dungeon
  9018 | D:10     | Noticed a two-headed ogre
  9022 | D:10     | Killed a two-headed ogre
  9023 | D:10     | Reached skill level 5 in Necromancy
  9055 | D:10     | Reached XP level 11. HP: 76/123 MP: 20/20
  9313 | D:10     | Noticed Lodul
  9340 | D:11     | Reached skill level 12 in Fighting
  9754 | D:10     | Learned a level 4 spell: Anguish
  9798 | D:9      | Killed Lodul
 10048 | D:10     | Noticed Grum
 10092 | D:10     | Killed Grum
 10531 | D:10     | You fall into a shaft and drop 3 floors!
 10559 | D:13     | Noticed a green ugly thing
 10569 | D:13     | Killed a green ugly thing
 10910 | D:12     | Found a frozen archway.
 10929 | IceCv    | Entered an ice cave
 10951 | IceCv    | Reached **** piety under Kikubaaqudgha
 11447 | IceCv    | Reached skill level 13 in Fighting
 12471 | IceCv    | Noticed an ice dragon
 12471 | IceCv    | Found the amulet of the Air {Inacc Air Fly rElec RMsl}
 12488 | IceCv    | Killed an ice dragon
 12489 | IceCv    | Reached XP level 12. HP: 36/136 MP: 19/24
 12492 | IceCv    | Reached skill level 10 in Shapeshifting
 12711 | IceCv    | Identified the ring of Nemelex Xobeh's Pride {MP+9 SInv}
 13133 | D:12     | Noticed Nessos
 13139 | D:12     | Killed Nessos
 13140 | D:12     | Reached skill level 1 in Earth Magic
 13370 | D:11     | Noticed a two-headed ogre
 13387 | D:11     | Killed a two-headed ogre
 13779 | D:10     | Found a staircase to the Lair.
 13808 | D:10     | Upgraded the game from 0.31-a0-703-gcfe89afef6 to
                  | 0.31-a0-705-ga145531891
 13857 | Lair:1   | Entered Level 1 of the Lair of Beasts
 14731 | Lair:1   | Reached skill level 14 in Fighting
 15655 | Lair:1   | Found a blossoming altar of Fedhas.
 16493 | Lair:2   | Found a staircase to the Swamp.
 16493 | Lair:2   | Noticed an eleionoma
 16510 | Lair:2   | Killed an eleionoma
 16695 | Lair:2   | Noticed Maggie
 16714 | Lair:2   | Killed Maggie
 17048 | Lair:2   | Reached XP level 13. HP: 148/148 MP: 26/26
 17413 | Lair:3   | Found a hole to the Spider Nest.
 17853 | Lair:3   | Learned a level 3 spell: Mephitic Cloud
 17855 | Lair:3   | Reached skill level 15 in Fighting
 17859 | Lair:3   | Reached skill level 10 in Air Magic
 17946 | Lair:3   | Reached skill level 5 in Earth Magic
 18996 | Lair:4   | Reached ***** piety under Kikubaaqudgha
 19121 | Lair:4   | Found a staircase to the Slime Pits.
 19121 | Lair:4   | Found a viscous altar of Jiyva.
 19217 | Lair:4   | Found a dark tunnel.
 19227 | Volcano  | Entered a volcano
 19760 | Volcano  | Identified the +0 hat "Segiofask" {+Blink rN+ Dex+3}
 20734 | Lair:4   | Reached skill level 16 in Fighting
 21033 | Lair:4   | Reached XP level 14. HP: 143/162 MP: 27/27
 21499 | Lair:5   | Entered Level 5 of the Lair of Beasts
 22128 | Lair:5   | Reached skill level 10 in Necromancy
 22147 | Lair:5   | Got the Handbook of the Xenolith
 23123 | Lair:5   | Reached skill level 1 in Hexes
 23534 | Lair:5   | Found a runed translucent door.
 23536 | Lair:5   | Noticed Joey1's ghost (journeyman OpSh)
 23670 | Lair:5   | Got Awecry's Tome of Overcast Peregrination
 24620 | D:11     | Reached skill level 17 in Fighting
 26140 | D:12     | Found a staircase to the Orcish Mines.
 26159 | Orc:1    | Entered Level 1 of the Orcish Mines
 28095 | D:13     | Reached XP level 15. HP: 172/174 MP: 28/28
 28914 | Orc:2    | Entered Level 2 of the Orcish Mines
 28914 | Orc:2    | Noticed Saint Roka
 28946 | Orc:2    | Killed Saint Roka
 28991 | Orc:2    | Found a staircase to the Elven Halls.
 29629 | Orc:2    | Your ally Saint Roka died
 30187 | Orc:2    | Reached skill level 5 in Hexes
 30367 | Orc:2    | Reached skill level 18 in Fighting
 30657 | Orc:2    | Found Xesiohim's Jewellery Shoppe.
 30657 | Orc:2    | Found Jiseg's Assorted Antiques.
 30659 | Orc:2    | Found Simpock's Magic Scroll Boutique.
 30659 | Orc:2    | Found Kiaf Tiwn's Antique Armour Boutique.
 30668 | Orc:2    | Bought a scroll of identify for 28 gold pieces
 30668 | Orc:2    | Bought a scroll of identify for 28 gold pieces
 30668 | Orc:2    | Bought a scroll of identify for 28 gold pieces
 30686 | Orc:2    | Bought a scroll labelled HUPUOJ QELI for 25 gold pieces
 30686 | Orc:2    | Bought a scroll of identify for 50 gold pieces
 30880 | Orc:2    | Found the +4 robe of Folly {Brill Will-∞ Int+8}
 32660 | D:12     | Upgraded the game from 0.31-a0-705-ga145531891 to
                  | 0.31-a0-716-gc7603755dd
 33533 | D:13     | Learned a level 4 spell: Airstrike
 33540 | D:13     | Noticed Erolcha
 33548 | D:13     | Killed Erolcha
 34055 | D:14     | Found a gate to the Vaults.
 34193 | D:14     | Found a gate leading to a gauntlet.
 34220 | Gauntlet | Entered a Gauntlet
 34220 | Gauntlet | Found a transporter.
 34220 | Gauntlet | Found a transporter.
 34226 | Gauntlet | Found a transporter.
 34227 | Gauntlet | Found a transporter.
 34227 | Gauntlet | Found a transporter.
 34230 | Gauntlet | Found a transporter.
 34237 | Gauntlet | Found a transporter.
 34238 | Gauntlet | Found a transporter.
 34239 | Gauntlet | Found a transporter.
 34241 | Gauntlet | Found a transporter.
 34249 | Gauntlet | Found a transporter.
 34249 | Gauntlet | Found a transporter.
 34462 | Gauntlet | Identified the ring of the Equinox {Wiz rPois}
 34694 | Gauntlet | Reached XP level 16. HP: 157/188 MP: 11/29
 35024 | Swamp:1  | Entered Level 1 of the Swamp
 35047 | Swamp:1  | Reached skill level 10 in Earth Magic
 35091 | Swamp:1  | Learned a level 2 spell: Sublimation of Blood
 35293 | Swamp:1  | Identified the amulet "Defamunk" {rPois rC++ Regen+}
 35558 | Swamp:1  | Reached skill level 19 in Fighting
 36242 | Swamp:2  | Noticed a tentacled monstrosity
 37116 | Swamp:2  | Killed a tentacled monstrosity
 38361 | Swamp:3  | Identified the +5 sling of Gihutimm {drain, rN+ Dex+4}
 38610 | Swamp:3  | Reached XP level 17. HP: 195/201 MP: 7/30
 38912 | Swamp:4  | Entered Level 4 of the Swamp
 38919 | Swamp:3  | Reached skill level 20 in Fighting
 39267 | Swamp:4  | HP: 7/201 [will-o-the-wisp/foxfire (31)]
 39267 | Swamp:4  | Mangled by a six-headed hydra

Illustrated notes

Levels and vault maps discovered:
D:1:      tarquinn_simple_flora_water_b, layout_basic, basic_ecumenical_altar,
          kennysheep_another_room, nicolae_shop_vocational
D:2:      layout_loops_ring, dreamdust_wishing_well, serial_bayou_lake_a
D:3:      layout_loops_cross, lemuel_coloured_pillars_altar,
          nicolae_tso_besieged_by_evil, lemuel_doored_altar,
          kennysheep_generic_room_12, uniq_sigmund, uniq_grinder
D:4:      layout_rooms, lemuel_zombie_altar_kikubaaqudgha,
          mainiacjoe_overflow_surrounded_room, uniq_eustachio, uniq_edmund,
          uniq_robin
D:5:      layout_rooms, jmf_multi_god_temple, temple_doors_cd
D:6:      layout_loops_ring, roderic_batcave
D:7:      cheibrodos_two_vegetables, layout_loops_ring, serial_shops, shop,
          shop, nicolae_shop_back_alley_shop, kennysheep_mini
D:8:      layout_gridville, lemuel_crystal_altar, serial_shops,
          nicolae_shop_window_shopping, shop, minmay_fire_ice_demons
D:9:      nicolae_cairo_tiling_large_dashed, layout_irregular_city,
          vehumet_altar_wand_db, gammafunk_ghost_arena, serial_shops,
          nicolae_shop_drivethru
D:10:     layout_roguey, hellmonk_lair_entry_icy, uniq_lodul, uniq_grum
D:11:     layout_layer_cave
D:12:     layout_rooms, orc_0_dummy, portal_ice_cave_entry_pillars_2,
          wad_mini_maze, uniq_nessos
D:13:     layout_loops_ring, uniq_erolcha
D:14:     layout_cave_pods, erik_vaults_2, grunt_decor_cap,
          gauntlet_entry_generic, uniq_azrael
Temple:   hellmonk_temple_forest_ring
Lair:1:   wander_river, layout_cave_pods, hangedman_tree_tricks,
          beast_lair_carwin_11, lemuel_fruit_fields, lemuel_fruit_tree
Lair:2:   layout_cave_pods, alex1729_swamp_entry_worm_eleionoma, uniq_maggie
Lair:3:   layout_hall_layers, nicolae_spider_entry_tight_spaces, special_room
          [special_room_bee], nicolae_lair_grove_arrangements
Lair:4:   layout_regular_city, slime_entry_1, nicolae_volcano_entry_batcave
Lair:5:   gammafunk_lair_ancient_temple, layout_gridlike,
          ebering_ghost_inner_flame, serial_bayou_shore_b, serial_bayou_shore_a
Swamp:1:  layout_basic_swamp, evilmike_swamp_ruin_house_3
Swamp:2:  layout_basic_swamp, nicolae_swamp_very_dense_foliage, swamp_pool4,
          hangedman_swamp_ravenous
Swamp:3:  layout_falls_marsh, evilmike_swamp_ruin_house_2, swamp_pool5,
          st_shrine_of_shade
Swamp:4:  byrel_swamp_growth_death_and_undeath, layout_basic_swamp, swamp_pool3
Orc:1:    layout_caves, nicolae_orc_damp_corner
Orc:2:    st_orc_elflike, layout_caves, basic_altar,
          dreamdust_deal_with_the_devil, nicolae_orc_pool_cavern,
          uniq_saint_roka

Skill      XL: |  1  2  3  4  5  6  7  8  9 10 11 12 13 14 15 16 17 |
---------------+----------------------------------------------------+-----
Fighting       | 2 3 4 5 6 7 8 10 11 13 14 16 17 18 19 20 | 20.1
Shapeshifting  | 4 5 6 7 8 9 10 | 10.0
Air Magic      | 1 3 4 5 7 9 11 12 | 12.0
Spellcasting   | 4 6 8 9 |  9.0
Necromancy     | 3 5 6 8 9 11 12 13 | 13.3
Earth Magic    | 4 6 8 9 11 | 11.4
Hexes          | 3 6 8 |  8.8
Dodging        | |  1.7
Unarmed Combat | |  2.6

Action                     |  1- 3 |  4- 6 |  7- 9 | 10-12 | 13-15 | 16-18 || total
---------------------------+-------+-------+-------+-------+-------+-------++-------
  Melee: Unarmed           |    40 |       |       |       |       |       ||    40
         Punch             |     2 |       |       |       |       |       ||     2
         Quarterstaff      |     8 |    52 |   173 |   405 |   417 |    73 ||  1128
   Cast: Animate Dead      |       |       |       |     1 |    23 |     6 ||    30
         Borgnjor's Vile C |       |       |       |    29 |   262 |    91 ||   382
         Anguish           |       |       |       |     7 |    26 |    16 ||    49
         Mephitic Cloud    |       |       |       |       |    84 |     4 ||    88
         Death Channel     |       |       |       |       |    17 |     8 ||    25
         Airstrike         |       |       |       |       |     8 |    14 ||    22
         Sublimation of Bl |       |       |       |       |       |     5 ||     5
 Invoke: Unearth Wretches  |       |       |       |     1 |    10 |     5 ||    16
  Evoke: Wand              |       |       |       |    23 |    12 |     1 ||    36
    Use: Scroll            |     2 |       |     1 |    11 |    26 |     4 ||    44
         Potion            |       |       |       |     5 |       |     5 ||    10
   Stab: Distracted        |       |       |     1 |     1 |     1 |       ||     3
         Paralysed         |       |       |       |     1 |     4 |     3 ||     8
         Invisible         |       |       |       |     1 |       |       ||     1
         Confused          |       |       |       |       |    11 |     2 ||    13
 Armour: Animal skin       |    22 |       |   109 |   393 |   464 |   132 ||  1120
         Robe              |    15 |    26 |    49 |       |    33 |       ||   123
  Dodge: Dodged            |    17 |    24 |    91 |   165 |   230 |    41 ||   568
         Repelled          |       |       |       |       |    10 |     3 ||    13
  Block: Other             |       |       |       |    12 |    16 |       ||    28

Table legend: (Time is in decaauts)
 A = Elapsed time spent in this place.
 B = Non-inter-level travel time spent in this place.
 C = Inter-level travel time spent in this place.
 D = Time resting spent in this place.
 E = Time spent auto-exploring this place.
 F = Levels seen in this place.
 G = Mean time per level.
                   A        B        C        D        E       F      G
               +--------+--------+--------+--------+--------+-----+--------+
         Total |  39665 |  37429 |   2236 |  11858 |  16949 |  29 | 1367.8 |
       Dungeon |  18880 |  17548 |   1332 |   4480 |   9393 |  14 | 1348.6 |
        Temple |      1 |      1 |      0 |      0 |      0 |   1 |    1.0 |
          Lair |  10197 |   9567 |    630 |   2546 |   5103 |   5 | 2039.4 |
         Swamp |   4269 |   4105 |    164 |   1912 |   1129 |   4 | 1067.2 |
  Orcish Mines |   2776 |   2668 |    108 |    794 |   1134 |   2 | 1388.0 |
      Ice Cave |   2021 |   2021 |      0 |   1342 |    116 |   1 | 2021.0 |
       Volcano |    866 |    866 |      0 |    492 |     74 |   1 |  866.0 |
      Gauntlet |    651 |    651 |      0 |    292 |      0 |   1 |  651.0 |
               +--------+--------+--------+--------+--------+-----+--------+

Top non-repeatable levels by time:
    D:12: 3546 daAuts
  Lair:1: 2707 daAuts
  Lair:5: 2330 daAuts
    D:11: 2287 daAuts
  Lair:4: 2093 daAuts
   Orc:2: 2079 daAuts
   IceCv: 2021 daAuts
    D:10: 1977 daAuts
     D:7: 1936 daAuts
  Lair:3: 1770 daAuts
 Swamp:2: 1484 daAuts
    D:13: 1474 daAuts
 Swamp:1: 1441 daAuts
  Lair:2: 1295 daAuts
 Swamp:3: 1219 daAuts
